Map: Romanticide LE

Players

HeroMarine - Winner!

  • Race: Terran Terran
  • League: Grandmaster
  • Spawn Location: 5:00

Kas

  • Race: Terran Terran
  • Spawn Location: 11:00

Event: DreamHack SC2 Masters 2020 Winter

VOD

Have the link to the VOD?

Description

Time

  • Played on: Oct. 25, 2020, 11:29 a.m.
  • Length: 13:10

All games in this series

Show
View Real Time Build Order
Export as new Build Order

HeroMarine Terran - Winner!

Build Orders:  

Get SALT Encoding   

  12  0:00  SCV  
  13  0:12  SCV  
  14  0:17  Supply Depot  
  14  0:24  SCV  
  15  0:39  SCV  
  15  0:40  Barracks  
  16  0:43  Refinery  
  16  0:51  SCV  
  16  0:54  Refinery  
  17  1:03  SCV  
  18  1:15  SCV  
  19  1:28  Reaper, Orbital Command  
  19  1:29  Supply Depot  
  20  1:43  Factory  
  20  1:53  SCV  
  21  2:00  Reaper  
  22  2:05  SCV  
  23  2:17  SCV  
  24  2:25  Command Center  
  24  2:29  SCV  
  25  2:32  Hellion  
  25  2:34  Barracks Reactor  
  27  2:42  Starport  
  27  2:44  SCV  
  27  2:51  Supply Depot  
  28  2:55  Widow Mine  
  28  2:58  SCV  
  31  3:12  SCV, Marine x2  
  34  3:16  Factory Tech Lab  
  34  3:19  Refinery  
  34  3:22  Medivac  
  34  3:25  SCV  
  37  3:30  Marine x2  
  39  3:36  Cyclone  
  39  3:38  SCV  
  43  3:46  Orbital Command  
  43  3:50  SCV, Marine  
  41  4:01  Starport Tech Lab  
  41  4:02  SCV  
  39  4:03  Marine  
  39  4:08  Marine  
  38  4:14  SCV  
  35  4:20  SCV  
  37  4:25  Raven  
  37  4:26  SCV  
  37  4:29  Siege Tank  
  42  4:32  SCV  
  42  4:34  Marine  
  42  4:36  Marine  
  46  4:38  SCV  
  46  4:44  SCV  
  47  4:50  SCV  
  47  4:51  Supply Depot  
  47  4:52  Marine  
  48  4:54  Marine  
  48  4:56  SCV  
  51  5:02  SCV  
  51  5:06  Supply Depot  
  52  5:08  SCV  
  52  5:12  Marine  
  52  5:13  Raven, Marine, Siege Tank  
  60  5:18  SCV  
  60  5:20  SCV  
  61  5:30  SCV  
  61  5:33  SCV  
  61  5:34  Marine x2  
  65  5:39  Supply Depot, Command Center  
  65  5:43  SCV  
  65  5:45  SCV  
  65  5:48  Siege Tank  
  70  5:53  Refinery  
  70  6:01  SCV x2, Supply Depot  
  72  6:10  Viking  
  72  6:11  Viking  
  76  6:13  SCV x2, Stimpack  
  78  6:22  Marine  
  78  6:23  Siege Tank  
  78  6:25  SCV x2  
  84  6:34  Supply Depot, Barracks  
  84  6:36  Barracks  
  84  6:37  SCV  
  84  6:39  SCV  
  86  6:43  Engineering Bay  
  86  6:46  Engineering Bay  
  84  6:48  Marine  
  84  6:49  SCV  
  84  6:50  Viking  
  84  6:52  Viking  
  90  7:03  SCV x2  
  90  7:06  Siege Tank  
  90  7:07  Marine  
  96  7:11  Terran Infantry Weapons Level 1  
  96  7:12  Terran Infantry Armor Level 1  
  96  7:15  SCV x2  
  98  7:20  Viking  
  98  7:22  Viking  
  102  7:27  SCV x2  
  89  7:39  SCV x2  
  84  7:46  Orbital Command  
  84  7:50  Barracks Reactor x2, Viking  
  84  7:51  SCV x2, Siege Tank  
  89  7:52  Viking  
  93  8:03  SCV x2  
  95  8:08  Barracks  
  95  8:09  Barracks  
  95  8:10  Marine  
  96  8:13  Combat Shield  
  96  8:15  SCV x2  
  96  8:16  SCV  
  99  8:21  Viking  
  99  8:23  Siege Tank  
  104  8:28  SCV x3, Viking  
  109  8:47  Supply Depot, Marine x4  
  109  8:48  SCV x3, Supply Depot, Armory  
  115  8:49  Marine  
  116  9:00  SCV, Barracks Reactor x2  
  117  9:04  Medivac  
  117  9:05  Marine, Siege Tank  
  117  9:07  Marine  
  117  9:08  Marine  
  118  9:11  Supply Depot  
  118  9:12  Supply Depot  
  118  9:13  Refinery x2  
  116  9:17  Medivac, Command Center  
  116  9:18  Marine  
  116  9:19  Marine  
  116  9:20  Factory  
  116  9:23  Marine  
  121  9:25  Marine  
  121  9:26  Marine  
  110  9:36  Marine  
  114  9:38  Marine  
  114  9:39  Marine x2  
  114  9:41  Marine x2  
  114  9:43  Marine  
  114  9:44  Marine  
  120  9:47  Barracks Reactor  
  120  9:49  Sensor Tower  
  120  9:51  Terran Infantry Weapons Level 2  
  118  9:53  Marine  
  118  9:54  Terran Infantry Armor Level 2  
  118  9:56  Marine x2  
  118  9:57  Marine  
  118  9:58  SCV x3  
  118  9:59  Marine x2  
  127  10:01  Marine  
  127  10:04  Marine  
  127  10:06  Medivac  
  131  10:08  Medivac  
  131  10:11  Marine  
  134  10:14  Marine  
  134  10:15  SCV x2, Barracks  
  134  10:16  Barracks  
  134  10:17  Supply Depot, Barracks  
  134  10:18  Terran Vehicle Weapons Level 1  
  134  10:19  SCV  
  134  10:20  Supply Depot  
  138  10:24  Siege Tank  
  138  10:25  Marine x4  
  138  10:26  Marine  
  146  10:29  Marine  
  146  10:30  Marine x3  
  146  10:32  Marine  
  150  10:36  Siege Tank  
  150  10:39  Medivac  
  155  10:43  Marine x2  
  155  10:45  SCV x2  
  155  10:46  SCV  
  155  10:47  Marine x2  
  155  10:49  Marine  
  163  10:55  Sensor Tower  
  163  10:57  SCV x2  
  163  10:58  SCV  
  163  10:59  Marine x2  
  163  11:03  Planetary Fortress  
  165  11:09  Marine x2  
  165  11:10  Marine  
  160  11:12  SCV  
  160  11:13  SCV x2  
  160  11:16  Marine  
  160  11:17  Marine x9  
  160  11:18  Siege Tank  
  175  11:25  SCV x3, Liberator x2  
  166  11:27  Supply Depot, Marine x3  
  176  11:36  Marine x4  
  180  11:42  Marine  
  180  11:43  Marine  
  180  11:44  Marine  
  180  11:46  Siege Tank  
  179  11:50  Marine x3  
  179  11:51  Refinery  
  179  11:53  Barracks Reactor x2  
  179  11:54  Barracks Reactor  
  178  11:57  Refinery  
  178  11:58  Refinery, Siege Tank  
  181  12:05  Command Center  
  181  12:06  Sensor Tower  
  181  12:08  Marine, Liberator  
  181  12:09  Marine x3  
  188  12:24  Marine x4  
  188  12:26  Marine x2, Siege Tank  
  188  12:27  Marine x2  
  188  12:28  Marine x2  
  177  12:30  Siege Tank  
  177  12:38  Marine x6  
  177  12:40  Medivac  
  177  12:41  Marine  
  177  12:42  Marine x3  
  188  12:45  Marine x3  
  188  12:47  Marine x2  
  188  12:50  Marine  
  186  13:02  Starport  
  186  13:03  Starport  
Show
View Real Time Build Order
Export as new Build Order

Kas Terran 

Build Orders: 1/1/1 

Get SALT Encoding   

  12  0:00  SCV  
  13  0:12  SCV  
  14  0:17  Supply Depot  
  14  0:24  SCV  
  14  0:27  Refinery  
  15  0:38  SCV  
  16  0:47  Barracks  
  16  0:50  SCV  
  16  0:54  Refinery  
  17  1:02  SCV  
  18  1:15  SCV  
  19  1:34  Orbital Command  
  19  1:36  Barracks Reactor, Factory  
  19  1:53  Supply Depot  
  19  2:00  SCV  
  20  2:12  SCV, Reaper  
  20  2:13  Reaper  
  23  2:19  Hellion  
  23  2:22  Starport  
  25  2:25  SCV  
  26  2:30  Supply Depot  
  26  2:38  SCV  
  26  2:41  Hellion  
  29  2:45  Reaper x2  
  31  2:53  SCV  
  32  2:58  Medivac  
  32  3:02  Hellion  
  32  3:03  Supply Depot  
  36  3:07  SCV  
  39  3:25  SCV  
  38  3:29  Command Center  
  38  3:30  Starport Tech Lab  
  38  3:33  Factory Tech Lab  
  38  3:37  SCV  
  39  3:42  Supply Depot  
  39  3:43  Marine  
  39  3:47  Marine  
  41  3:52  SCV  
  42  4:04  SCV  
  43  4:16  SCV  
  39  4:22  Marine x2  
  39  4:24  Raven, Siege Tank  
  38  4:28  SCV  
  40  4:36  Refinery  
  40  4:40  SCV, Orbital Command, Marine x2  
  43  4:52  SCV  
  44  4:56  Siege Tank  
  44  4:59  Marine x2  
  49  5:06  SCV, Raven  
  52  5:07  SCV  
  53  5:15  Command Center  
  53  5:18  SCV  
  53  5:20  SCV, Marine x2  
  56  5:30  SCV  
  56  5:31  Siege Tank  
  56  5:32  SCV  
  61  5:38  Marine  
  61  5:42  SCV, Barracks  
  63  5:44  SCV, Barracks  
  64  5:54  SCV  
  64  5:56  SCV  
  66  6:00  Viking x2  
  70  6:05  Supply Depot x2  
  70  6:07  Stimpack  
  70  6:13  SCV x2, Marine  
  70  6:16  Supply Depot  
  73  6:25  SCV, Refinery  
  73  6:26  Engineering Bay  
  73  6:27  Engineering Bay  
  73  6:31  Marine  
  73  6:32  SCV, Orbital Command  
  76  6:33  Barracks Reactor  
  76  6:34  Barracks Reactor  
  76  6:38  SCV  
  77  6:48  Siege Tank  
  77  6:49  SCV, Marine  
  77  6:50  SCV  
  77  6:53  Terran Infantry Weapons Level 1, Terran Infantry Armor Level 1  
  83  6:57  Orbital Command  
  83  7:04  Barracks x2  
  83  7:05  SCV  
  83  7:06  SCV  
  85  7:10  Marine x4  
  85  7:11  Marine  
  90  7:24  Siege Tank  
  90  7:26  Medivac x2  
  90  7:28  Marine x4  
  97  7:41  Marine  
  83  7:46  SCV x2, Marine x4  
  83  7:47  SCV  
  88  7:56  Barracks Reactor  
  88  7:57  Barracks Reactor  
  88  7:58  SCV x2  
  90  7:59  SCV, Marine  
  90  8:00  Refinery, Factory  
  90  8:01  Refinery  
  90  8:03  Marine  
  90  8:04  Marine  
  92  8:10  SCV x2  
  92  8:11  SCV, Sensor Tower  
  95  8:13  Armory, Siege Tank  
  95  8:17  Marine  
  99  8:22  SCV x2  
  99  8:23  SCV  
  102  8:33  Marine x3  
  102  8:34  SCV x2, Marine x4  
  105  8:37  Marine  
  105  8:38  Marine  
  105  8:39  SCV  
  111  8:46  SCV  
  106  8:51  SCV x2, Marine x3  
  106  8:56  Marine x4  
  106  9:00  Barracks Tech Lab  
  107  9:04  Marine  
  107  9:07  Factory Tech Lab, Siege Tank  
  107  9:09  Marine x3  
  106  9:11  SCV  
  106  9:12  SCV  
  106  9:14  Marine x3  
  106  9:15  Supply Depot  
  106  9:16  Marine  
  112  9:18  Combat Shield, Marine  
  112  9:22  Marine  
  113  9:29  Marine  
  113  9:30  Marine x2  
  97  9:32  Marine x3  
  97  9:34  Marine  
  97  9:35  Refinery  
  97  9:36  Marine  
  97  9:37  Siege Tank  
  105  9:40  Marine  
  105  9:44  Medivac x2  
  110  9:47  Marine x3, Siege Tank  
  110  9:49  Terran Infantry Weapons Level 2  
  116  9:53  Terran Infantry Armor Level 2  
  116  9:57  Supply Depot  
  116  9:59  Supply Depot, Marine  
  117  10:06  Marine  
  117  10:07  Marine x4  
  118  10:08  Marine x2  
  118  10:09  Marine  
  118  10:11  Supply Depot x2  
  118  10:13  Supply Depot  
  125  10:16  Terran Vehicle Weapons Level 1  
  125  10:18  Marine  
  126  10:24  Marine x3  
  129  10:28  Marine  
  129  10:32  Command Center  
  129  10:33  Siege Tank  
  129  10:34  Marine, Siege Tank  
  137  10:40  Marine x4  
  141  10:44  Medivac x2  
  141  10:45  Marine x2  
  141  10:48  Supply Depot  
  147  10:51  SCV x3  
  150  10:57  Marine x2  
  150  11:03  SCV  
  153  11:05  Siege Tank  
  153  11:13  Marine x7  
  153  11:15  Marine x2, Siege Tank  
  156  11:31  Marine x7  
  163  11:32  Marine  
  163  11:33  Marine  
  141  11:49  Marine x7  
  141  11:50  Marine x2  
  141  11:51  Siege Tank x2  
  141  11:53  Planetary Fortress  
  138  11:59  SCV  
  138  12:00  SCV  
  140  12:07  Marine x7  
  140  12:08  Medivac x2, Marine x2  
  151  12:23  Siege Tank  
  151  12:24  Marine  
  151  12:25  Marine x6  
  151  12:26  Marine x2  
  117  12:42  Marine x7  
  117  12:44  Marine x2  
Tags
 
Add a new tag
Caveats
  • Supply blocks, unpowered buildings, or Contaminate may cause inaccurate times.
  • Supply counts are checked every 10 seconds.